 Dungeon Crawl Stone Soup version 0.30-a0-1075-gcd70e7a56d (webtiles) character file.

Game seed: 13440966597788944812

436 Aneyh the Slasher (level 7, -4/45 HPs)
             Began as a Tengu Monk on Apr 15, 2023.
             Slain by Grinder (7 damage)
             ... while paralysed by Grinder
             ... on level 5 of the Dungeon.
             The game lasted 00:05:09 (3726 turns).

Aneyh the Slasher (Tengu Monk)                      Turns: 3726, Time: 00:05:09

Health: -4/45      AC:  2    Str: 11    XL:     7   Next: 1%
Magic:  8/8        EV:  2    Int: 10    God:
Gold:   254        SH:  0    Dex: 19    Spells: 6/6 levels left

rFire   . . .      SeeInvis .    a - +0 falchion
rCold   . . .      Faith    .    d - orb {light}
rNeg    . . .      Spirit   .    b - +0 robe
rPois   .          Reflect  .    (helmet restricted)
rElec   .          Rampage  .    (no cloak)
rCorr   .                        (no gloves)
Will    .....                    (boots unavailable)
Stlth   +                        m - amulet of the acrobat
HPRegen 0.27/turn                (no ring)
MPRegen 0.11/turn                (no ring)

@: paralysed, flying quickly and evasively, glowing, quick
A: beak, talons 3, nimble flight
a: no special abilities


You were on level 5 of the Dungeon.
You visited 1 branch of the dungeon, and saw 5 of its levels.

You collected 254 gold pieces.

Inventory:

Hand Weapons
 a - a +0 falchion (weapon)
 n - a +2 dagger of speed
Armour
 b - a +0 robe (worn)
 d - an orb of light (worn)
Jewellery
 m - an amulet of the acrobat (around neck)
 o - a ring of fire
 w - a +6 ring of dexterity
Wands
 u - a wand of roots (13)
 y - a wand of flame (30)
Scrolls
 e - 3 scrolls of fear {unknown}
 f - 4 scrolls of teleportation {unknown}
 h - 2 scrolls of enchant weapon {unknown}
 i - a scroll of vulnerability {unknown}
 l - a scroll of silence {unknown}
 q - 4 scrolls of identify {unknown}
 s - a scroll of poison {unknown}
 t - a scroll of brand weapon {unknown}
 x - a scroll of immolation {unknown}
 z - a scroll of acquirement {unknown}
Potions
 c - a potion of ambrosia
 g - 2 potions of lignification {unknown}
 j - 6 potions of curing {unknown}
 k - a potion of mutation {unknown}
 p - a potion of attraction {unknown}
 r - a potion of flight {unknown}
 v - a potion of degeneration {unknown}


   Skills:
 * Level 5.6 Fighting
 + Level 6.4 Long Blades
 - Level 3.2 Dodging
 - Level 2.0 Stealth


You had 6 spell levels left.
You didn't know any spells.
Your spell library contained the following spells:

 Spells                   Type           Power      Damage    Failure   Level
 Tukima's Dance           Hex            0%         N/A       75%         3
 Fulminant Prism          Conj/Hex       0%         3d5       98%         4
 Leda's Liquefaction      Hex/Erth       0%         N/A       98%         4


Dungeon Overview and Level Annotations

Branches:
Dungeon (5/15)
 Temple: D:4-7

Altars:
Fedhas
Xom
Zin

Annotations:
D:5 Grinder


Innate Abilities, Weirdness & Mutations

You have a beak for a mouth.
You have claws for feet.
Your magical nature lets you fly swiftly and evasively.


Message History

Grinder is nearby!
Grinder closely misses you.
You hit Grinder. You claw Grinder! You peck Grinder.
Grinder is moderately wounded.
Grinder closely misses you.
You hit Grinder. You claw Grinder, but do no damage.
Grinder is moderately wounded.
Grinder hits you!
You hit Grinder.
Grinder is moderately wounded.
Grinder gestures at you. Pain shoots through your body!
You hit Grinder but do no damage. You claw Grinder.
Grinder is heavily wounded.
Grinder hits you.
You writhe in agony.
You are too injured to fight recklessly!
You are too injured to fight recklessly!
You hit Grinder. You peck Grinder.
Grinder is severely wounded.
Grinder hits you but does no damage.
You barely miss Grinder.
Grinder is severely wounded.
Grinder says, "What is the universe for?"
Grinder gestures at you. Pain shoots through your body!
* * * LOW HITPOINT WARNING * * *
You hit Grinder. You claw Grinder.
Grinder is almost dead.
Grinder hits you.
* * * LOW HITPOINT WARNING * * *
You writhe in agony.
* * * LOW HITPOINT WARNING * * *
You hit Grinder. You claw Grinder, but do no damage.
You peck Grinder, but do no damage.
Grinder is almost dead.
Grinder gestures at you.
You suddenly lose the ability to move!
Grinder blinks!
Grinder hits you!
You die...

........#..............##
..#######'##...#####....#
..##.####.##...##..##...##
......#........>#...#..†.#
......#.........#...##.<.#
......'.........#....#...#
####.##..########....#####
..##.#####........#
.........#......@.#
.........#......5.#
.........#........#
.........'........#
.........#........#
##########........#
##########


You could see Grinder.

Vanquished Creatures
  A kobold brigand (D:4)
  2 scorpions
  A hound (D:5)
  2 iguanas (D:5)
  A gnoll (D:5)
  7 adders
  A white imp (D:5)
  2 ufetubi (D:5)
  A worm (D:2)
  5 dart slugs
  3 orcs
  6 bats
  4 endoplasms
  2 giant cockroaches
  5 goblins
  6 hobgoblins
  4 jackals
  8 kobolds
  3 quokkas
  8 ball pythons
  A frilled lizard (D:1)
  A rat (D:2)
74 creatures vanquished.

Notes
Turn   | Place    | Note
-------+----------+-------------------------------------------
     0 | D:1      | Aneyh the Tengu Monk began the quest for the Orb.
     0 | D:1      | Reached XP level 1. HP: 14/14 MP: 2/2
   297 | D:1      | Reached XP level 2. HP: 19/19 MP: 3/3
   683 | D:2      | Reached XP level 3. HP: 22/24 MP: 4/4
   837 | D:2      | Reached skill level 4 in Long Blades
   884 | D:2      | HP: 1/24 [kobold/+2 dagger of speed (2)]
  1157 | D:2      | Found a faded altar of an unknown god.
  1188 | D:3      | Reached XP level 4. HP: 29/29 MP: 5/5
  1277 | D:3      | Found a glowing silver altar of Zin.
  1431 | D:3      | Got the Tractate on Glamour
  1517 | D:3      | Found a shimmering altar of Xom.
  1924 | D:4      | Noticed a kobold brigand
  2028 | D:4      | Noticed a scorpion
  2046 | D:4      | Killed a scorpion
  2047 | D:4      | Reached skill level 5 in Long Blades
  2047 | D:4      | Gained mutation: Your magical nature lets you fly swiftly
                  | and evasively. [Tengu growth]
  2047 | D:4      | Reached XP level 5. HP: 14/34 MP: 6/6
  2201 | D:4      | Killed a kobold brigand
  2202 | D:4      | Reached skill level 5 in Fighting
  2202 | D:4      | Reached XP level 6. HP: 28/40 MP: 7/7
  3031 | D:5      | Entered Level 5 of the Dungeon
  3207 | D:5      | Found a blossoming altar of Fedhas.
  3228 | D:5      | Reached skill level 6 in Long Blades
  3659 | D:5      | Reached XP level 7. HP: 43/45 MP: 8/8
  3712 | D:5      | Noticed Grinder
  3722 | D:5      | HP: 2/45 [Grinder (1)]
  3723 | D:5      | Paralysed by Grinder for 4 turns
  3726 | D:5      | Slain by Grinder

Illustrated notes

Levels and vault maps discovered:
D:1:      dpeg_arrival_circle_labyrinth_a, layout_basic
D:2:      layout_rooms, ebering_ecumenical_altar_ruins
D:3:      layout_rooms, xom_butterflies, zin_statuary, grunt_ministairs_4,
          nicolae_hexahallways, minmay_close_crescents
D:4:      layout_basic, minmay_misc_feat_doors, nicolae_titane
D:5:      layout_gridville, mainiacjoe_overflow_six_doors_small,
          grunt_ministairs_12, minmay_quadrilaterals, uniq_grinder, uniq_sigmund

Skill      XL: |  1  2  3  4  5  6 |
---------------+-------------------+-----
Long Blades    | 4 5 6 |  6.4
Fighting       | 4 5 |  5.6
Dodging        | |  3.2
Stealth        | |  2.0

Action                     |  1- 3 |  4- 6 |  7- 9 || total
---------------------------+-------+-------+-------++-------
  Melee: Falchion          |    49 |   113 |     8 ||   170
         Peck              |     6 |    25 |     3 ||    34
         Kick              |    19 |    40 |     5 ||    64
   Stab: Sleeping          |     1 |       |       ||     1
 Armour: Robe              |     6 |     6 |     1 ||    13
  Dodge: Dodged            |    19 |    99 |     2 ||   120

Table legend: (Time is in decaauts)
 A = Elapsed time spent in this place.
 B = Non-inter-level travel time spent in this place.
 C = Inter-level travel time spent in this place.
 D = Time resting spent in this place.
 E = Time spent auto-exploring this place.
 F = Levels seen in this place.
 G = Mean time per level.
                   A        B        C        D        E       F      G
               +--------+--------+--------+--------+--------+-----+--------+
         Total |   3635 |   3423 |    212 |    611 |   2252 |   5 |  727.0 |
       Dungeon |   3635 |   3423 |    212 |    611 |   2252 |   5 |  727.0 |
               +--------+--------+--------+--------+--------+-----+--------+

Top non-repeatable levels by time:
     D:4: 1294 daAuts
     D:3: 788 daAuts
     D:2: 654 daAuts
     D:1: 524 daAuts
     D:5: 373 daAuts
